 Dungeon Crawl Stone Soup version 0.24.0-1-gfbc8707 (webtiles) character file.

Game seed: 3584346650305844966, levelgen mode: deterministic

66 Faca the Martial Artist (level 4, 0/34 HPs)
             Began as a Gnoll Wanderer on Nov 6, 2019.
             Succumbed to Crazy Yiuf's poison
             ... on level 2 of the Dungeon.
             The game lasted 00:05:29 (1885 turns).

Faca the Martial Artist (Gnoll Wanderer)            Turns: 1885, Time: 00:05:29

Health: 0/34       AC:  6    Str: 14    XL:     4   Next: 15%
Magic:  6/6        EV: 12    Int: 16    God:
Gold:   72         SH:  0    Dex: 17    Spells: 5/5 levels left

rFire    . . .     SeeInvis .     - Unarmed
rCold    . . .     Gourm    .   (no shield)
rNeg     . . .     Faith    .   h - +0 ring mail
rPois    .         Spirit   .   (no helmet)
rElec    .         Reflect  .   (no cloak)
rCorr    .         Harm     .   p - +0 pair of gloves
MR       .....                  (no boots)
Stlth    +++.......             (no amulet)
HPRegen  0.11/turn              l - +3 ring of dexterity
MPRegen  0.10/turn              (no ring)

@: lethally poisoned (0 -> -21), starving
A: distributed training, fangs 1, strong nose
a: no special abilities


You were on level 2 of the Dungeon.
You were starving.

You visited 1 branch of the dungeon, and saw 2 of its levels.

You collected 72 gold pieces.

Inventory:

Armour
 h - a +0 ring mail (worn)
 p - a +0 pair of gloves (worn)
Jewellery
 l - a +3 ring of dexterity (left hand)
 m - an uncursed ring of flight
Wands
 q - a wand of iceblast (11)
Scrolls
 a - 3 scrolls of remove curse
 b - 2 scrolls of fear
 i - 4 scrolls of identify {unknown}
 j - a scroll of enchant weapon {unknown}
 o - 2 scrolls of blinking {unknown}
Potions
 c - a potion of lignification
 d - a potion of curing
 e - a potion of haste {unknown}
 f - 3 potions of heal wounds
 k - a potion of berserk rage {unknown}
 n - a potion of flight {unknown}
 s - 2 potions of might {unknown}
Comestibles
 g - 2 rations


   Skills:
 + Level 2.7 Fighting
 + Level 1.0 Short Blades
 + Level 1.0 Long Blades
 + Level 1.0 Axes
 + Level 1.0 Maces & Flails
 + Level 1.0 Polearms
 + Level 1.0 Staves
 + Level 1.0 Slings
 + Level 1.0 Bows
 + Level 1.0 Crossbows
 + Level 1.0 Throwing
 + Level 1.0 Armour
 + Level 2.7 Dodging
 + Level 6.0 Stealth
 + Level 1.0 Shields
 + Level 8.5 Unarmed Combat
 + Level 1.0 Spellcasting
 + Level 0.7 Conjurations
 + Level 0.7 Hexes
 + Level 0.7 Charms
 + Level 0.7 Summonings
 + Level 0.7 Necromancy
 + Level 0.7 Translocations
 + Level 0.7 Transmutations
 + Level 0.7 Fire Magic
 + Level 0.7 Ice Magic
 + Level 0.7 Air Magic
 + Level 0.7 Earth Magic
 + Level 0.7 Poison Magic
 + Level 1.1 Invocations
 + Level 2.7 Evocations


You had 5 spell levels left.
You didn't know any spells.
Your spell library was empty.

Dungeon Overview and Level Annotations

Branches:
Dungeon (2/15)

Altars:
Dithmenos
Trog
Wu Jian

Annotations:
D:2 Crazy Yiuf


Innate Abilities, Weirdness & Mutations

Your experience applies equally to all skills.
You have very sharp teeth.
Your uncanny sense of smell can sniff out nearby items.


Message History

Crazy Yiuf hits you with a +3 quarterstaff of chaos!
You are poisoned.
You closely miss Crazy Yiuf.
Crazy Yiuf is severely wounded.
You feel sick.
Crazy Yiuf hits you with a +3 quarterstaff of chaos!
* * * LOW HITPOINT WARNING * * *
You are more poisoned.
You hit Crazy Yiuf but do no damage. Your bite misses Crazy Yiuf.
Crazy Yiuf is severely wounded.
* * * LOW HITPOINT WARNING * * *
You feel sick.
Crazy Yiuf hits you with a +3 quarterstaff of chaos.
* * * LOW HITPOINT WARNING * * *
Crazy Yiuf freezes you.
* * * LOW HITPOINT WARNING * * *
You are starving!
You hit Crazy Yiuf but do no damage.
Crazy Yiuf is severely wounded.
You die...

.......#.#####....######.#
....##.....# ##..## #.#
....##.#.### #PP.P# ###.#
###......# #..P## #...#
####.### ##.## ##### #.#
#.## #.# ##.# # ##.## #.##
# ##...# ##@# ####....#
#g# #.......# ...
#.##.##.# #...# #.##.##.#
#..)# #.##.##.# #####
#.##.##.# #.##.##.#
#.......#


You could see Crazy Yiuf.

Vanquished Creatures
  An ooze (D:1)
  A worm (D:2)
  2 dart slugs (D:1)
  11 bats
  3 giant cockroaches
  7 goblins
  5 hobgoblins
  4 jackals (D:1)
  A quokka (D:2)
  2 frilled lizards (D:1)
  8 kobolds
  8 rats
  A fungus (D:2)
54 creatures vanquished.

Notes
Turn   | Place    | Note
-------+----------+-------------------------------------------
     0 | D:1      | Faca the Gnoll Wanderer began the quest for the Orb.
     0 | D:1      | Faca set off with the following items: a +0 dagger, a
                  | scroll of fear, a potion of lignification, a potion of
                  | curing, a +0 robe, a potion of heal wounds, a ration
     0 | D:1      | Reached XP level 1. HP: 17/17 MP: 2/2
   122 | D:1      | Reached XP level 2. HP: 20/23 MP: 3/3
   348 | D:1      | Reached XP level 3. HP: 28/28 MP: 4/4
   564 | D:1      | You fall into a shaft and drop 1 floor!
   567 | D:2      | Found an ornate altar of the Wu Jian Council.
   807 | D:1      | Reached skill level 1 in Invocations
  1032 | D:2      | Reached skill level 1 in Short Blades
  1032 | D:2      | Reached skill level 1 in Long Blades
  1032 | D:2      | Reached skill level 1 in Axes
  1032 | D:2      | Reached skill level 1 in Maces & Flails
  1032 | D:2      | Reached skill level 1 in Polearms
  1032 | D:2      | Reached skill level 1 in Staves
  1032 | D:2      | Reached skill level 1 in Slings
  1032 | D:2      | Reached skill level 1 in Bows
  1032 | D:2      | Reached skill level 1 in Crossbows
  1032 | D:2      | Reached skill level 1 in Throwing
  1032 | D:2      | Reached skill level 1 in Armour
  1032 | D:2      | Reached skill level 1 in Shields
  1032 | D:2      | Reached skill level 1 in Spellcasting
  1219 | D:2      | Reached XP level 4. HP: 33/34 MP: 6/6
  1222 | D:2      | Found a shadowy altar of Dithmenos.
  1315 | D:2      | Noticed a moth of wrath
  1318 | D:2      | Found a bloodstained altar of Trog.
  1873 | D:2      | Found a runed translucent door.
  1874 | D:2      | Noticed Crazy Yiuf
  1884 | D:2      | HP: 1/34 [Crazy Yiuf/+3 quarterstaff of chaos (1)]
  1885 | D:2      | Succumbed to Crazy Yiuf's poison

Levels and vault maps discovered:
D:1:      lemuel_arrival_broad_hall, layout_loops_corners
D:2:      layout_loops_cross, tgw_trog, nicolae_overflow_hidden_temple,
          nicolae_dithmenos_shadow_blocks, minmay_split_cup_large,
          uniq_crazy_yiuf_cottage

Skill      XL: |  1  2  3 |
---------------+----------+-----
Stealth        | 6 |  6.0
Invocations    | 1 |  1.1
Short Blades   | 1 |  1.0
Long Blades    | 1 |  1.0
Axes           | 1 |  1.0
Maces & Flails | 1 |  1.0
Polearms       | 1 |  1.0
Staves         | 1 |  1.0
Slings         | 1 |  1.0
Bows           | 1 |  1.0
Crossbows      | 1 |  1.0
Throwing       | 1 |  1.0
Armour         | 1 |  1.0
Shields        | 1 |  1.0
Spellcasting   | 1 |  1.0
Fighting       | |  2.7
Dodging        | |  2.7
Unarmed Combat | |  8.5
Conjurations   | |  0.7
Hexes          | |  0.7
Charms         | |  0.7
Summonings     | |  0.7
Necromancy     | |  0.7
Translocations | |  0.7
Transmutations | |  0.7
Fire Magic     | |  0.7
Ice Magic      | |  0.7
Air Magic      | |  0.7
Earth Magic    | |  0.7
Poison Magic   | |  0.7
Evocations     | |  2.7

Action                   |  1- 3 |  4- 6 || total
-------------------------+-------+-------++-------
Melee: Unarmed           |    93 |    34 ||   127
       Bite              |    12 |     5 ||    17
       Short sword       |    11 |       ||    11
       Punch             |     1 |     1 ||     2
  Use: Scroll            |       |     1 ||     1
 Stab: Sleeping          |    10 |     1 ||    11
  Eat: Chunk             |     1 |       ||     1
Armor: Robe              |     5 |       ||     5
       Ring mail         |    28 |     3 ||    31
Dodge: Dodged            |    54 |     7 ||    61
